Map: 匹昂台地

Players

shengy

  • Race: Zerg Zerg
  • League: Gold

JohnnyC - Winner!

  • Race: Terran Terran

VOD

Have the link to the VOD?

Description

Time

  • Played on: Dec. 10, 2015, 12:28 a.m.
  • Length: 6:11
Show
View Real Time Build Order
Export as new Build Order

shengy Zerg 

Build Orders: Pool First 

Get SALT Encoding   

  12  0:01  Drone  
  13  0:10  Drone  
  14  0:21  Overlord  
  14  0:39  Drone x3  
  17  0:42  Extractor  
  16  0:50  Drone  
  16  0:52  Spawning Pool  
  16  1:03  Drone  
  17  1:25  Hatchery  
  16  1:47  Zergling x6  
  19  1:55  Metabolic Boost  
  19  1:58  Queen  
  21  2:09  Overlord  
  21  2:18  Drone  
  22  2:35  Overlord  
  22  2:36  Queen  
  24  2:38  Queen  
  24  2:43  Drone  
  27  2:51  Drone  
  28  2:55  Drone  
  29  3:03  Baneling Nest  
  29  3:05  Drone  
  29  3:09  Drone x2  
  29  3:12  Overlord  
  31  3:26  Drone x3  
  31  3:27  Drone  
  35  3:37  Overlord  
  35  3:52  Roach Warren, Lair  
  35  3:54  Drone x2  
  36  3:56  Extractor  
  35  4:29  Evolution Chamber  
  34  4:37  Extractor, Drone x3  
  36  4:42  Drone x2  
  36  4:45  Roach x5  
  48  4:46  Roach x2  
  49  5:18  Drone  
  49  5:19  Hydralisk Den, Drone x2  
  51  5:25  Drone  
  51  5:27  Overlord x2  
  52  5:41  Overlord  
  52  5:42  Overlord  
  52  5:47  Overseer  
  52  5:53  Zergling x2  
  52  5:54  Hatchery, Zergling x2  
  52  5:56  Drone x3  
Show
View Real Time Build Order
Export as new Build Order

JohnnyC Terran - Winner!

Build Orders:  

Get SALT Encoding   

  12  0:01  SCV  
  13  0:13  SCV  
  14  0:19  Supply Depot  
  14  0:25  SCV  
  15  0:31  Refinery  
  15  0:40  SCV  
  16  0:46  Barracks  
  16  0:54  SCV  
  17  1:03  Refinery  
  17  1:06  SCV  
  18  1:11  Supply Depot  
  18  1:18  SCV  
  20  1:39  Orbital Command  
  19  1:40  Marine  
  20  1:58  Factory  
  20  1:59  Barracks Tech Lab  
  20  2:01  Barracks Reactor  
  20  2:05  SCV  
  21  2:17  SCV  
  22  2:25  Supply Depot  
  21  2:33  SCV  
  22  2:41  Marine x2  
  24  2:45  Hellion  
  24  2:47  SCV  
  27  2:54  Supply Depot  
  27  3:03  SCV  
  28  3:15  SCV  
  28  3:17  Barracks Reactor  
  31  3:20  Hellion x2  
  33  3:27  SCV  
  33  3:32  Supply Depot  
  36  3:41  Hellion x2  
  36  3:42  SCV  
  39  3:52  Command Center  
  39  3:54  Marine x2  
  41  4:03  Starport  
  41  4:26  Marine x2  
  41  4:28  Hellion x2  
  47  4:33  Armory  
  47  4:34  Supply Depot  
  47  4:51  Marine x2  
  47  4:52  Hellion x2  
  53  4:55  Medivac  
  53  5:16  Marine x2  
  55  5:29  Medivac  
  55  5:35  Hellbat x2  
  61  5:36  Marine x2  
  63  5:53  Barracks  
  63  5:54  Barracks  
  63  5:59  Starport Tech Lab  
Tags
 
League
Gold
Matchup
TvZ
Opening
Pool First
Add a new tag
Caveats
  • Supply blocks, unpowered buildings, or Contaminate may cause inaccurate times.
  • Supply counts are checked every 10 seconds.